 Dungeon Crawl Stone Soup version 0.31-a0-523-g071a6c1ffa (webtiles) character file.

Game seed: 12774098813802219538

1164 HallandMoats the Demonic Disaster (level 8, -1/67 HPs)
             Began as a Demonspawn Monk on Aug 11, 2023.
             Was a Believer of Qazlal.
             Slain by a lemure (7 damage)
             ... led by Pikel
             ... on level 5 of the Dungeon.
             The game lasted 00:07:42 (4892 turns).

HallandMoats the Demonic Disaster (Demonspawn Monk) Turns: 4892, Time: 00:07:43

Health: -1/67      AC:  7    Str: 15    XL:     8   Next: 17%
Magic:  14/14      EV: 11    Int: 11    God:    Qazlal [**....]
Gold:   252        SH:  2    Dex: 18    Spells: 7/7 levels left

rFire   . . .        a - +0 hand axe
rCold   . . .        d - orb {light}
rNeg    . . .        y - +0 ring mail of Vusokull {rElec rPois Dex+3}
rPois   +            f - +0 helmet
rElec   +            A - +0 cloak
rCorr   .            (no gloves)
SInv    +            (no boots)
Will    .....        (no amulet)
Stlth   +            g - ring of see invisible
HPRegen 0.31/turn    (no ring)
MPRegen 0.14/turn

%: no passive effects
@: glowing
A: hooves 1, demonic magic 1
a: Renounce Religion, Upheaval


You were on level 5 of the Dungeon.
You worshipped Qazlal.
Qazlal was pleased with you.
You visited 2 branches of the dungeon, and saw 6 of its levels.

You collected 252 gold pieces.

Inventory:

Hand Weapons
 a - a +0 hand axe (weapon)
Armour
 d - an orb of light (worn)
 f - a +0 helmet (worn)
 y - the +0 ring mail of Vusokull (worn) {rElec rPois Dex+3}
   (You took it off a hobgoblin on level 4 of the Dungeon)

   Dex+3:     It affects your dexterity (+3).
   rElec:     It insulates you from electricity.
   rPois:     It protects you from poison
 A - a +0 cloak (worn)
Jewellery
 g - a ring of see invisible (left hand)
Wands
 x - a wand of roots (5)
 z - a wand of flame (7)
Scrolls
 b - a scroll of fog {unknown}
 e - 2 scrolls of blinking {unknown}
 j - 5 scrolls of identify {unknown}
 k - a scroll of poison {unknown}
 n - 2 scrolls of silence {unknown}
 q - a scroll of noise {unknown}
 r - a scroll of vulnerability {unknown}
 s - a scroll of enchant armour {unknown}
 t - a scroll of enchant weapon {unknown}
 B - a scroll of revelation {unknown}
 C - a scroll of fear {unknown}
Potions
 c - 2 potions of ambrosia
 h - a potion of curing {unknown}
 i - a potion of cancellation {unknown}
 l - a potion of degeneration {unknown}
 m - a potion of lignification {unknown}
 o - 3 potions of mutation {unknown}
 p - 2 potions of invisibility {unknown}
 u - a potion of berserk rage {unknown}
 v - a potion of magic {unknown}
 w - a potion of brilliance {unknown}


   Skills:
 + Level 7.5 Fighting
 - Level 2.6 Axes
 - Level 2.6 Dodging
 + Level 8.9 Invocations


You had 7 spell levels left.
You didn't know any spells.
Your spell library contained the following spells:

 Spells                   Type           Power      Damage    Failure   Level
 Magic Dart               Conj           0%         1d3       56%         1
 Slow                     Hex            0%         N/A       56%         1
 Summon Small Mammal      Summ           0%         N/A       56%         1
 Call Imp                 Summ           0%         N/A       71%         2
 Call Canine Familiar     Summ           0%         N/A       91%         3
 Confusing Touch          Hex            0%         N/A       91%         3
 Mephitic Cloud           Conj/Pois/Air  0%         N/A       91%         3
 Summon Guardian Golem    Hex/Summ       0%         N/A       91%         3
 Vampiric Draining        Necr           0%         2d6       91%         3
 Vhi's Electric Charge    Tloc/Air       0%         N/A       91%         3
 Arcjolt                  Conj/Air       0%         1d10      100%        5
 Maxwell's Capacitive Co  Air            0%         ∞         100%        8


Dungeon Overview and Level Annotations

Branches:
Dungeon (5/15)             Temple (1/1) D:5

Altars:
Cheibriados
Dithmenos
Fedhas
Gozag
Hepliaklqana
Kikubaaqudgha
Makhleb
Nemelex Xobeh
Okawaru
Qazlal
Sif Muna
Trog
Vehumet
Wu Jian
Xom

Annotations:
D:4 3 runed translucent doors, MisterAzrael's ghost, amateur DjFE
D:5 Pikel


Innate Abilities, Weirdness & Mutations

You have large cloven feet.
Spells you cast may paralyse adjacent enemies.


Message History

Pikel hits you with a +0 whip of flaming.
Pikel burns you. The lemure closely misses you.
The lemure hits you but does no damage. The lemure completely misses you.
The lemure barely misses you. The lemure hits you. Pikel barely misses you.
The lemure hits you but does no damage.
You hit Pikel.
Pikel is lightly wounded.
You hit the lemure. You hit the lemure but do no damage. x2
Pikel hits you with a +0 whip of flaming.
Pikel burns you.
The lemure is engulfed in freezing vapours.
The lemure hits you. The lemure misses you.
The lemure hits you but does no damage.
You hit Pikel but do no damage.
Pikel is lightly wounded.
You hit the lemure. You hit the lemure but do no damage.
You barely miss the lemure. Pikel closely misses you.
The lemure is engulfed in freezing vapours.
The lemure hits you.
The lemure hits you but does no damage. x2
Unknown command.
You completely miss Pikel. You kick Pikel, but do no damage.
Pikel is lightly wounded.
You hit the lemure but do no damage. x2; You hit the lemure.
Pikel hits you with a +0 whip of flaming.
Pikel burns you.
* * * LOW HITPOINT WARNING * * *
The lemure is engulfed in freezing vapours.
You kill the lemure!
That felt strangely unrewarding.
The lemure closely misses you. The lemure hits you.
* * * LOW HITPOINT WARNING * * *
The lemure attacks as you move away!
The lemure hits you but does no damage. x2
Pikel is engulfed in freezing vapours.
Pikel barely misses you. Pikel attacks as you move away!
Pikel hits you with a +0 whip of flaming.
* * * LOW HITPOINT WARNING * * *
Pikel burns you.
* * * LOW HITPOINT WARNING * * *
The lemure hits you!
You die...

#.. ##.## # ##...## ..
.. ##.....##...
#[##.......#......
#......5..........
#..K.°..#.....
##.55..##....# ##
##.@.###.... ####
.##### ##.##
#.#.##..... .....# .#
#...# #..........
...#.# .# #.#.# #...###
# .....###.# #.#.#
#.....#.####.
.......#.##
#.#.###.###.#..>...
.....#....#####.#.....#
#...# #. ...#.........
..#####.###.#### # ...#
#....## ## #..........#


You could see Pikel and 3 lemures.

Vanquished Creatures
  Grinder (D:5)
  A black bear (D:5)
  An ogre (D:5)
  2 phantoms (D:5)
  A lemure (D:5)
  2 scorpions (D:5)
  A howler monkey (D:5)
  An orc priest (D:5)
  A gnoll bouda (D:3)
  3 hounds (D:4)
  2 iguanas
  4 orc wizards (D:4)
  3 adders
  5 gnolls
  A shadow imp (D:5)
  4 worms
  3 dart slugs (D:1)
  9 orcs
  6 ball pythons
  9 endoplasms
  4 giant cockroaches (D:1)
  9 goblins
  5 hobgoblins
  7 jackals
  3 kobolds
  6 quokkas
  5 bats
  3 frilled lizards (D:1)
  7 rats
109 creatures vanquished.

Notes
Turn   | Place    | Note
-------+----------+-------------------------------------------
     0 | D:1      | HallandMoats the Demonspawn Monk began the quest for the
                  | Orb.
     0 | D:1      | Reached XP level 1. HP: 18/18 MP: 1/1
    37 | D:1      | Reached skill level 1 in Invocations
   134 | D:1      | Gained mutation: You have large cloven feet. [demonic
                  | ancestry]
   134 | D:1      | Reached XP level 2. HP: 20/24 MP: 1/3
   260 | D:1      | Reached skill level 2 in Invocations
   594 | D:1      | Reached XP level 3. HP: 29/29 MP: 4/4
   711 | D:1      | Found a faded altar of an unknown god.
   909 | D:2      | Reached skill level 3 in Invocations
  1153 | D:2      | Reached XP level 4. HP: 37/37 MP: 6/6
  1363 | D:2      | Found an ornate altar of the Wu Jian Council.
  2029 | D:4      | Reached skill level 4 in Invocations
  2068 | D:4      | Gained mutation: Spells you cast may paralyse adjacent
                  | enemies. [demonic ancestry]
  2068 | D:4      | Reached XP level 5. HP: 5/43 MP: 8/8
  2619 | D:3      | Reached skill level 5 in Fighting
  2619 | D:3      | Reached skill level 5 in Invocations
  2692 | D:4      | Reached XP level 6. HP: 24/51 MP: 8/10
  2873 | D:4      | Found an iron altar of Okawaru.
  2964 | D:4      | Found a runed translucent gate.
  2965 | D:4      | Found a runed translucent gate.
  2968 | D:4      | Found a runed translucent gate.
  3113 | D:4      | Identified the +0 ring mail of Vusokull {rElec rPois Dex+3}
  3323 | D:4      | Found an ancient bone altar of Kikubaaqudgha.
  3341 | D:4      | Found a shimmering blue altar of Sif Muna.
  3350 | D:4      | Reached skill level 6 in Invocations
  3359 | D:4      | Found a radiant altar of Vehumet.
  3448 | D:4      | Noticed MisterAzrael's ghost (amateur DjFE)
  3479 | D:5      | Entered Level 5 of the Dungeon
  3565 | D:5      | Reached XP level 7. HP: 30/58 MP: 10/12
  3677 | D:5      | Reached skill level 7 in Invocations
  4196 | D:5      | Found a sparkling altar of Nemelex Xobeh.
  4299 | D:5      | Found a staircase to the Ecumenical Temple.
  4390 | Temple   | Entered the Ecumenical Temple
  4419 | Temple   | Became a worshipper of Qazlal Stormbringer
  4419 | Temple   | Reached * piety under Qazlal
  4419 | Temple   | Reached ** piety under Qazlal
  4659 | D:5      | Noticed Grinder
  4679 | D:5      | Killed Grinder
  4680 | D:5      | Reached skill level 8 in Invocations
  4707 | D:5      | Reached XP level 8. HP: 51/67 MP: 14/14
  4806 | D:5      | Identified the +3 leather armour "Wuekygulay" {Regen+ rCorr
                  | Int+8 Dex-3}
  4874 | D:5      | Noticed Pikel
  4892 | D:5      | Slain by a lemure

Illustrated notes

Levels and vault maps discovered:
D:1:      erik_arrival_orb_chamber, layout_loops_cross,
          chequers_ecumenical_altar_island, minmay_nonomino_d4
D:2:      layout_loops_ring, basic_altar, serial_bayou_pond_e
D:3:      layout_basic
D:4:      layout_cave_pools, palyth_temple_overflow_mages,
          okawaru_ov_weapons_minmay, gammafunk_ghost_necromancy,
          minmay_misc_feat_nine_boxes
D:5:      layout_loops_ring, nemelex_spade_bored_becter, lemuel_round_altar,
          mainiacjoe_overflow_chevrons, minmay_temple_entry_enclosed_plants,
          roderic_lattice_a, uniq_pikel, uniq_grinder
Temple:   cyrus_temple_forest

Skill      XL: |  1  2  3  4  5  6  7 |
---------------+----------------------+-----
Invocations    | 1 2 3 4 5 6 8 |  8.9
Fighting       | 4 5 6 7 |  7.5
Axes           | |  2.6
Dodging        | |  2.6

Action                     |  1- 3 |  4- 6 |  7- 9 || total
---------------------------+-------+-------+-------++-------
  Melee: Hand axe          |    93 |   176 |   104 ||   373
         Kick              |    23 |    68 |    50 ||   141
 Armour: Robe              |    31 |     7 |       ||    38
         Ring mail         |       |    79 |    37 ||   116
  Dodge: Dodged            |    73 |   141 |    77 ||   291
  Block: Orb               |       |       |    12 ||    12

Table legend: (Time is in decaauts)
 A = Elapsed time spent in this place.
 B = Non-inter-level travel time spent in this place.
 C = Inter-level travel time spent in this place.
 D = Time resting spent in this place.
 E = Time spent auto-exploring this place.
 F = Levels seen in this place.
 G = Mean time per level.
                   A        B        C        D        E       F      G
               +--------+--------+--------+--------+--------+-----+--------+
         Total |   4966 |   4746 |    220 |    763 |   2918 |   6 |  827.7 |
       Dungeon |   4913 |   4693 |    220 |    763 |   2918 |   5 |  982.6 |
        Temple |     52 |     52 |      0 |      0 |      0 |   1 |   52.0 |
               +--------+--------+--------+--------+--------+-----+--------+

Top non-repeatable levels by time:
     D:5: 1382 daAuts
     D:4: 1183 daAuts
     D:3: 899 daAuts
     D:1: 846 daAuts
     D:2: 602 daAuts
  Temple: 52 daAuts
